Map: Acid Plant LE

Players

Cryptys

  • Race: Terran Terran
  • League: Master
  • Spawn Location: 11:00

drumhead - Winner!

  • Race: Protoss Protoss
  • League: Master
  • Spawn Location: 5:00

VOD

Have the link to the VOD?

Description

Time

  • Played on: Aug. 16, 2018, 7:04 p.m.
  • Length: 7:24
Show
View Real Time Build Order
Export as new Build Order

Cryptys Terran 

Build Orders: Cyclone Opening 

Get SALT Encoding   

  12  0:00  SCV  
  13  0:13  SCV  
  14  0:18  Supply Depot  
  14  0:25  SCV  
  15  0:39  SCV  
  16  0:46  Barracks  
  16  0:51  Refinery  
  16  0:53  Refinery  
  16  0:55  SCV  
  17  1:08  SCV  
  18  1:20  SCV  
  19  1:33  Orbital Command, Reaper  
  19  1:39  Supply Depot  
  20  1:47  Factory  
  20  2:01  SCV  
  20  2:05  Reaper  
  22  2:13  SCV  
  23  2:40  Cyclone  
  23  2:41  SCV  
  23  2:43  Starport  
  27  2:46  Supply Depot  
  25  3:11  Supply Depot  
  24  3:13  Cyclone  
  24  3:16  Liberator  
  30  3:52  Supply Depot  
  27  4:05  Cyclone  
  27  4:08  Barracks Tech Lab  
  30  4:12  Supply Depot  
  30  4:15  Barracks  
  30  4:28  Marine  
  30  4:29  Stimpack  
  31  4:32  SCV  
  31  4:41  Liberator  
  29  4:54  Marine  
  29  4:59  Factory Reactor  
  29  5:03  SCV  
  29  5:05  Supply Depot  
  29  5:08  Engineering Bay  
  29  5:13  Barracks Reactor  
  29  5:16  Marine  
  29  5:18  SCV  
  31  5:30  SCV  
  31  5:34  Marine  
  33  5:37  Widow Mine x2  
  33  5:42  SCV  
  38  5:45  Barracks  
  38  5:54  SCV  
  29  6:19  Marine  
  29  6:20  Marine x2  
  29  6:21  Widow Mine x2  
  36  6:36  Marine  
  36  6:37  Marine x2  
  36  6:38  Marine  
  39  6:44  Supply Depot  
  37  6:54  Marine  
  37  6:55  Marine x2  
  37  6:56  Marine  
Show
View Real Time Build Order
Export as new Build Order

drumhead Protoss - Winner!

Build Orders:  

Get SALT Encoding   

  12  0:00  Probe  
  13  0:13  Probe  
  14  0:18  Pylon  
  14  0:25  Probe  
  15  0:36  Probe  
  15  0:41  Gateway  
  16  0:44  Probe  
  17  0:52  Probe  
  17  0:53  Assimilator  
  18  0:59  Pylon  
  18  1:03  Probe  
  19  1:17  Gateway  
  19  1:20  Probe  
  20  1:28  Zealot, Cybernetics Core  
  20  1:32  Probe  
  23  1:44  Probe  
  24  1:53  Assimilator  
  24  1:56  Stalker  
  24  2:04  Stalker  
  28  2:12  Warp Gate  
  28  2:14  Probe  
  29  2:27  Probe  
  27  2:39  Probe  
  27  2:43  Stalker  
  30  2:51  Probe  
  31  3:08  Robotics Facility  
  31  3:11  Stalker  
  31  3:19  Probe  
  31  3:23  Stalker  
  31  3:24  Pylon  
  31  3:42  Probe  
  32  3:53  Stalker  
  32  3:54  Probe  
  31  4:06  Probe  
  32  4:23  Nexus  
  32  4:25  Observer  
  32  4:28  Probe  
  34  4:40  Probe  
  34  4:45  Stalker  
  33  4:52  Stalker  
  33  4:54  Probe  
  36  5:11  Stalker  
  38  5:29  Immortal  
  38  5:30  Probe  
  43  5:37  Probe  
  43  5:40  Pylon  
  44  5:48  Stalker  
  46  5:52  Stalker  
  46  5:56  Probe  
  49  6:18  Stalker x2  
  53  6:21  Probe  
  53  6:25  Probe  
  55  6:29  Probe  
  55  6:36  Twilight Council  
  55  6:37  Probe x2  
  57  6:41  Pylon  
  57  6:45  Probe x2  
  58  6:50  Sentry  
  62  6:55  Probe  
  63  7:21  Stalker x2  
Tags
 
Add a new tag
Caveats
  • Supply blocks, unpowered buildings, or Contaminate may cause inaccurate times.
  • Supply counts are checked every 10 seconds.